 Dungeon Crawl Stone Soup version 0.20.0-15-g7f486f2 (webtiles) character file.

140 vishdafish the Chucker (level 5, 0/49 HPs)
             Began as a Troll Hunter on June 28, 2017.
             Slain by an orc wizard
             ... wielding a +0 dagger
              (4 damage)
             ... on level 3 of the Dungeon.
             The game lasted 00:05:18 (1682 turns).

vishdafish the Chucker (Troll Hunter)               Turns: 1682, Time: 00:05:21

Health: 0/49       AC:  5    Str: 20    XL:     5   Next: 2%
Magic:  4/4        EV: 10    Int:  7    God:
Gold:   92         SH:  0    Dex: 11    Spells: 4/4 levels left

rFire    . . .     SeeInvis .   o - +0 flail
rCold    . . .     Gourm    +   (no shield)
rNeg     . . .     Faith    .   b - +0 robe
rPois    .         Spirit   .   (helmet restricted)
rElec    .         Reflect  .   (no cloak)
rCorr    .         Harm     .   (gloves unavailable)
MR       .....                  (boots unavailable)
Stlth    +.........             (no amulet)
Regen    0.6/turn               (no ring)
MPRegen  0.1/turn               (no ring)

@: starving
A: unfitting armour, claws 3, fast metabolism 3, gourmand, regeneration 1,
shaggy fur 1, tough skin 2
a: no special abilities


You were on level 3 of the Dungeon.
You were starving.

You visited 1 branch of the dungeon, and saw 3 of its levels.

You collected 92 gold pieces.

Inventory:

Hand Weapons
 o - a +0 flail (weapon)
Missiles
 c - 3 large rocks (quivered)
Armour
 b - a +0 robe (worn)
Jewellery
 m - an uncursed ring of fire
Scrolls
 d - 2 scrolls of amnesia {unknown}
 e - a scroll of enchant weapon {unknown}
 g - a scroll of random uselessness {unknown}
 h - 4 scrolls of enchant armour {unknown}
 l - a scroll of recharging {unknown}
 n - a scroll of fog {unknown}
Potions
 i - a potion of lignification
 k - a potion of might {unknown}
Comestibles
 f - 3 bread rations
 j - a royal jelly


   Skills:
 + Level 2.3 Fighting
 + Level 0.1 Maces & Flails
 + Level 4.2 Throwing
 + Level 1.9 Armour
 + Level 2.5 Dodging
 - Level 0.3 Stealth


You had 4 spell levels left.
You didn't know any spells.

Dungeon Overview and Level Annotations

Branches:
Dungeon (3/15)

Altars:
Fedhas

Annotations:
D:3 Robin


Innate Abilities, Weirdness & Mutations

You are too large for most types of armour.
You have claws for hands.
Your metabolism is lightning-fast.
You like to eat raw meat.
Your natural rate of healing is unusually fast.
You are covered in fur. (AC +1)
You have very tough skin. (AC +2)


Message History

You hear some strange, mumbled words.
A puff of flame appears from out of thin air!
The puff of flame misses you.
You barely miss something.
You hear some strange, mumbled words.
A puff of flame appears from out of thin air!
The puff of flame hits you!
* * * LOW HITPOINT WARNING * * *
You miss something.
Something hits you but does no damage. x2
You completely miss something.
You hear some strange, mumbled words.
Something tries to affect you, but you resist.
You closely miss something. Something hits you but does no damage.
You closely miss something.
You hear some strange, mumbled words.
A magic dart appears from out of thin air!
The magic dart hits you!
* * * LOW HITPOINT WARNING * * *
Something hits you.
You die...

###############
#........(.....
#..............
+..............
##..............
##......)#####...
##........#.......
###@{.......#.......
......)))..(............
...........###≈###.+#...
...........# #≈#.#......
.###.....### #≈#.###(...
#...... .#≈#........
#.....# ≈#.###.###
#...... ≈#.#...# # ...
.###≈###.### #


There were no monsters in sight!

Vanquished Creatures
  Jessica (D:3)
  Terence (D:3)
  3 adders
  2 worms
  A dart slug (D:2)
  A leopard gecko (D:1)
  3 orcs (D:3)
  4 giant cockroaches
  9 goblins
  9 hobgoblins
  3 kobolds
  2 bats
  2 frilled lizards
  8 rats
  A plant (D:2)
50 creatures vanquished.

Vanquished Creatures (others)
  A bush (D:3)
1 creature vanquished.

Grand Total: 51 creatures vanquished

Notes
Turn   | Place    | Note
-------+----------+-------------------------------------------
     0 | D:1      | vishdafish the Troll Hunter began the quest for the Orb.
     0 | D:1      | Reached XP level 1. HP: 19/19 MP: 0/0
   169 | D:1      | Reached XP level 2. HP: 28/28 MP: 1/1
   225 | D:1      | Reached skill level 1 in Armour
   591 | D:2      | Reached XP level 3. HP: 14/35 MP: 2/2
   776 | D:2      | Found a blossoming altar of Fedhas.
  1280 | D:3      | Noticed Robin
  1314 | D:3      | Reached XP level 4. HP: 42/42 MP: 3/3
  1528 | D:3      | Reached skill level 4 in Throwing
  1563 | D:3      | Noticed Terence
  1578 | D:3      | Killed Terence
  1629 | D:3      | Noticed Jessica
  1658 | D:3      | Killed Jessica
  1658 | D:3      | Reached XP level 5. HP: 42/49 MP: 4/4
  1682 | D:3      | Slain by an orc wizard

Skill      XL: |  1  2  3  4 |
---------------+-------------+-----
Armour         | 1 |  1.9
Dodging        | 2 |  2.5
Fighting       | 2 |  2.3
Throwing       | 4 |  4.2
Maces & Flails | |  0.1
Stealth        | |  0.3

Action                   |  1- 3 |  4- 6 || total
-------------------------+-------+-------++-------
Melee: Short sword       |   126 |    23 ||   149
       Flail             |       |    48 ||    48
Throw: Large rock        |    37 |    12 ||    49
       Throwing net      |     2 |     1 ||     3
  Use: Potion            |       |     1 ||     1
 Stab: Held in net/web   |     1 |       ||     1
  Eat: Chunk             |     6 |       ||     6
       Meat ration       |     1 |       ||     1
Armor: Robe              |    38 |    23 ||    61
       Skin              |       |    82 ||    82
Dodge: Dodged            |    57 |    44 ||   101
